 Dungeon Crawl Stone Soup version 0.30-a0-313-gae38170b09 (webtiles) character file.

Game seed: 15610729592478092928

2921 Bnni the Slicer (level 9, -3/48 HPs)
             Began as a Vine Stalker Fighter on Oct 26, 2022.
             Was an Elder of Uskayaw.
             Slain by a kobold brigand
             ... wielding a +0 war axe
              (6 damage)
             ... in a bailey.
             The game lasted 00:15:23 (5714 turns).

Bnni the Slicer (Vine Stalker Fighter)              Turns: 5714, Time: 00:15:23

Health: -3/48      AC:  7    Str: 18    XL:     9   Next: 79%
Magic:  0/22       EV: 10    Int:  8    God:    Uskayaw [****..]
Gold:   237        SH:  6    Dex: 19    Spells: 10/10 levels left

rFire   + . .      SeeInvis .    m - +2 dagger (venom)
rCold   . . .      Faith    .    c - +0 buckler
rNeg    . . .      Spirit   +    E - +1 ring mail of Absolutism {Contam rF+ rCorr}
rPois   .          Reflect  .    (no helmet)
rElec   .          Harm     .    (no cloak)
rCorr   +          Rampage  .    x - +0 pair of gloves
Will    +....                    (no boots)
Stlth   +++.......               s - amulet of the acrobat
HPRegen 1.08/turn                u - ring of magical power
MPRegen 0.18/turn                (no ring)

@: lethally poisoned (-3 -> -9), flying, slowed, very slow
A: fangs 3, regeneration 1, magic shield, antimagic bite, no potion heal 2
a: Renounce Religion, Stomp, Line Pass


You were in a bailey.
You worshipped Uskayaw.
Uskayaw was noncommittal.
You visited 2 branches of the dungeon, and saw 9 of its levels.
You also visited: Bailey.

You collected 332 gold pieces.
You spent 95 gold pieces at shops.

Inventory:

Hand Weapons
 a - a +0 rapier
 m - a +2 dagger of venom (weapon)
 H - a +2 vampiric short sword
Missiles
 j - 5 javelins (quivered)
 p - 25 poisoned darts
 F - 4 boomerangs
 I - a curare-tipped dart
Armour
 c - a +0 buckler (worn)
 g - a +0 kite shield
 x - a +0 pair of gloves (worn)
 E - the +1 ring mail of Absolutism (worn) {Contam rF+ rCorr}
   (You found it on level 7 of the Dungeon)

   rF:        It protects you from fire.
   Contam:    It causes magical contamination when unequipped.
   rCorr:     It protects you from acid and corrosion.
Jewellery
 s - an amulet of the acrobat (around neck)
 u - a ring of magical power (left hand)
 w - a ring of fire
Wands
 y - a wand of iceblast (13)
 z - a wand of mindburst (14)
 D - a wand of paralysis (19)
Scrolls
 b - 2 scrolls of butterflies {unknown}
 d - a scroll of vulnerability {unknown}
 e - a scroll of blinking {unknown}
 h - 4 scrolls of identify {unknown}
 i - 3 scrolls of magic mapping {unknown}
 o - a scroll of teleportation {unknown}
 q - a scroll of noise {unknown}
 r - a scroll of immolation {unknown}
 t - 2 scrolls of silence {unknown}
 A - a scroll of poison {unknown}
 B - a scroll of enchant armour {unknown}
 C - a scroll of enchant weapon {unknown}
Potions
 f - 2 potions of degeneration {unknown}
 k - 2 potions of flight
 l - a potion of brilliance {unknown}
 n - 4 potions of curing {unknown}
 v - 2 potions of resistance {unknown}
 G - a potion of attraction {unknown}


   Skills:
 + Level 6.1 Fighting
 * Level 8.1 Short Blades
 - Level 2.4 Armour
 + Level 5.3 Stealth
 - Level 5.0 Shields
 - Level 1.0 Spellcasting
 + Level 4.6 Invocations


You had 10 spell levels left.
You didn't know any spells.
Your spell library contained the following spells:

 Spells                   Type           Power      Damage    Failure   Level
 Kiss of Death            Conj/Necr      0%         2d5       65%         1
 Confusing Touch          Hex            0%         N/A       95%         3
 Gell's Gravitas          Tloc           0%         N/A       95%         3
 Lesser Beckoning         Tloc           0%         N/A       95%         3
 Teleport Other           Tloc           0%         N/A       95%         3
 Dispel Undead            Necr           0%         3d6       100%        4


Dungeon Overview and Level Annotations

Branches:
Dungeon (8/15)             Temple (1/1) D:4          Bailey (1/1)
   Lair: D:8-11

Altars:
Cheibriados
Gozag
Trog
Uskayaw
Vehumet

Shops:
D:5 (


Innate Abilities, Weirdness & Mutations

You have razor-sharp teeth.
Your natural rate of healing is unusually fast.
When hurt, damage is shared between your health and your magic reserves.
Your bite disrupts and absorbs the magic of your enemies.
Potions cannot restore your health.


Message History

You hit the kobold brigand but do no damage.
The kobold brigand is poisoned.
You bite the kobold brigand! You drain its power.
You feel invigorated.
The kobold brigand is moderately wounded.
You feel sick.
The kobold brigand hits you with a +0 war axe!
The kobold brigand throws a poisoned dart.
The poisoned dart hits you!
You are more poisoned.
The kobold brigand hits you with a +0 war axe.
Uskayaw will force your foes to helplessly watch your dance.
Uskayaw prepares the audience for your solo!
The helpless kobold brigand fails to defend itself.
You skewer the kobold brigand like a kebab!!!
You kill the kobold brigand!
You feel very sick.
The kobold brigand is no longer paralysed. x2
You block the kobold brigand's attack.
You hit the kobold brigand but do no damage.
You bite the kobold brigand! You drain its power.
You feel invigorated.
The kobold brigand is heavily wounded.
You feel very sick.
The kobold is no longer paralysed.
The kobold brigand throws a poisoned dart.
The poisoned dart hits you!
You are more poisoned.
The kobold brigand hits you with a +0 war axe!
* * * LOW HITPOINT WARNING * * *
Uskayaw will force your foes to share their pain.
Uskayaw links your audience in an emotional bond!
It was a potion of flight.
You feel very buoyant.
You fly up into the air.
* * * LOW HITPOINT WARNING * * *
You feel very sick.
The kobold is no longer paralysed.
The kobold brigand hits you with a +0 war axe!
* * * LOW HITPOINT WARNING * * *
The kobold brigand hits you with a +0 war axe!
You die...

##.....##
#...∩...#
#.......#
##..∩..##
##'''## #..(#
#.(.# #.((#
#.)@#
#~...KK(.~#
#~~....KK.~~#
.~~.......~~...
#~~.......~~###
.~~.......~~..
#~~.......~~###
.~~.......~~.


You could see 2 kobold brigands and 2 kobolds.

Vanquished Creatures
  Sigmund (D:3)
  A wyvern (D:8)
  3 steam dragons
  A water moccasin (D:7)
  An orc warrior (D:6)
  2 ogres
  A centaur (D:6)
  4 phantoms
  A necrophage (D:6)
  A bullfrog (D:7)
  2 kobold brigands
  A scorpion (D:5)
  9 killer bees (D:8)
  4 howler monkeys
  An orc priest (D:3)
  A hound (D:7)
  2 iguanas
  5 orc wizards
  Ijyb (D:5)
  11 gnolls
  11 adders
  A shadow imp (D:7)
  A white imp (D:7)
  3 ufetubi
  2 worms
  A dart slug (D:5)
  18 orcs
  8 ball pythons
  4 bats
  4 endoplasms
  2 giant cockroaches
  9 goblins
  5 hobgoblins
  8 jackals
  4 quokkas
  5 frilled lizards
  23 kobolds
  2 rats
164 creatures vanquished.

Vanquished Creatures (others)
  A white imp (D:6)
1 creature vanquished.

Grand Total: 165 creatures vanquished

Notes
Turn   | Place    | Note
-------+----------+-------------------------------------------
     0 | D:1      | Bnni the Vine Stalker Fighter began the quest for the Orb.
     0 | D:1      | Reached XP level 1. HP: 11/11 MP: 2/2
   104 | D:1      | You fall into a shaft and drop 1 floor!
   113 | D:2      | Reached skill level 2 in Short Blades
   116 | D:2      | Reached XP level 2. HP: 11/16 MP: 3/3
   212 | D:2      | Reached XP level 3. HP: 5/19 MP: 4/4
   898 | D:2      | Gained mutation: Your natural rate of healing is unusually
                  | fast. [Vine Stalker growth]
   898 | D:2      | Reached XP level 4. HP: 17/24 MP: 2/5
  1370 | D:3      | Reached skill level 3 in Short Blades
  1563 | D:3      | Reached XP level 5. HP: 15/28 MP: 1/6
  1764 | D:3      | Noticed Sigmund
  1792 | D:3      | Killed Sigmund
  1793 | D:3      | Reached skill level 4 in Short Blades
  1793 | D:3      | Reached XP level 6. HP: 27/33 MP: 5/7
  2207 | D:4      | Reached skill level 5 in Shields
  2207 | D:4      | Reached XP level 7. HP: 35/37 MP: 8/8
  2441 | D:4      | Found a staircase to the Ecumenical Temple.
  2451 | Temple   | Entered the Ecumenical Temple
  2479 | Temple   | Became a worshipper of Uskayaw the Reveller
  2508 | D:4      | Reached * piety under Uskayaw
  2512 | D:4      | Reached ** piety under Uskayaw
  2837 | D:5      | Entered Level 5 of the Dungeon
  2862 | D:5      | Reached skill level 1 in Spellcasting
  2949 | D:5      | Reached skill level 5 in Short Blades
  2952 | D:5      | Reached *** piety under Uskayaw
  2955 | D:5      | Reached **** piety under Uskayaw
  3088 | D:5      | Found Cuumaok's Antique Weapon Boutique.
  3100 | D:5      | Bought a runed dagger for 95 gold pieces
  3246 | D:5      | Reached skill level 1 in Invocations
  3410 | D:5      | Noticed Ijyb
  3425 | D:5      | Killed Ijyb
  4076 | D:6      | Noticed a steam dragon
  4091 | D:6      | Killed a steam dragon
  4092 | D:6      | Gained mutation: You have razor-sharp teeth. [Vine Stalker
                  | growth]
  4092 | D:6      | Reached XP level 8. HP: 24/42 MP: 10/10
  4194 | D:6      | Found a bloodstained altar of Trog.
  4479 | D:6      | Reached skill level 6 in Short Blades
  4479 | D:6      | Reached skill level 1 in Stealth
  4481 | D:6      | Reached skill level 5 in Fighting
  4854 | D:6      | Reached XP level 9. HP: 47/47 MP: 12/12
  4991 | D:7      | Reached skill level 7 in Short Blades
  5273 | D:7      | Identified the +1 ring mail of Absolutism {Contam rF+
                  | rCorr}
  5620 | D:8      | Reached skill level 5 in Stealth
  5644 | D:8      | Reached skill level 8 in Short Blades
  5656 | D:8      | Found a flagged portal.
  5675 | Bailey   | Entered a bailey
  5714 | Bailey   | Slain by a kobold brigand

Illustrated notes

Levels and vault maps discovered:
D:1:      dpeg_arrival_solitude, layout_rooms
D:2:      layout_basic
D:3:      layout_loops_ring, uniq_sigmund
D:4:      layout_cave_pools, minmay_temple_entry_statues_fountains
D:5:      layout_basic, serial_corexii_hall, chequers_hall_statues_y,
          chequers_hall_statues_wall_a, chequers_hall_statues_y, serial_shops,
          shop, uniq_ijyb
D:6:      layout_loops_corners, kennysheep_little_box, minmay_pentangle
D:7:      layout_basic
D:8:      layout_loops_ring, bloody_makhleb, enter_bailey_5,
          minmay_misc_feat_rows, chequers_serial_rivers_room_a,
          nicolae_island_escapes
Temple:   jpeg_temple_clearing
Bailey:   bailey_axe_3, bailey

Skill      XL: |  1  2  3  4  5  6  7  8  9 |
---------------+----------------------------+-----
Short Blades   | 2 3 4 5 6 8 |  8.1
Shields        | 3 4 5 |  5.0
Fighting       | 3 4 5 6 |  6.1
Spellcasting   | 1 |  1.0
Invocations    | 1 3 4 |  4.6
Stealth        | 3 5 |  5.3
Armour         | |  2.4

Action                   |  1- 3 |  4- 6 |  7- 9 || total
-------------------------+-------+-------+-------++-------
Melee: Rapier            |    98 |   179 |    99 ||   376
       Bite              |    19 |    53 |   123 ||   195
       Dagger            |       |       |   269 ||   269
Throw: Throwing net      |       |     4 |     1 ||     5
       Dart              |       |     5 |       ||     5
       Javelin           |       |     1 |     5 ||     6
Invok: Line Pass         |       |       |     6 ||     6
       Stomp             |       |       |     1 ||     1
  Use: Potion            |     1 |       |     1 ||     2
 Stab: Held in net/web   |       |     1 |     1 ||     2
       Paralysed         |       |       |     8 ||     8
       Confused          |       |       |     5 ||     5
Armor: Scale mail        |    52 |    53 |    68 ||   173
       Chain mail        |       |       |    36 ||    36
       Ring mail         |       |       |    23 ||    23
Dodge: Dodged            |    51 |    73 |   132 ||   256
Block: Buckler           |    32 |    37 |   101 ||   170

Table legend: (Time is in decaauts)
 A = Elapsed time spent in this place.
 B = Non-inter-level travel time spent in this place.
 C = Inter-level travel time spent in this place.
 D = Time resting spent in this place.
 E = Time spent auto-exploring this place.
 F = Levels seen in this place.
 G = Mean time per level.
                   A        B        C        D        E       F      G
               +--------+--------+--------+--------+--------+-----+--------+
         Total |   5664 |   5366 |    298 |     56 |   4055 |  10 |  566.4 |
       Dungeon |   5583 |   5302 |    281 |     52 |   4047 |   8 |  697.9 |
        Temple |     46 |     29 |     17 |      0 |      8 |   1 |   46.0 |
        Bailey |     34 |     34 |      0 |      4 |      0 |   1 |   34.0 |
               +--------+--------+--------+--------+--------+-----+--------+

Top non-repeatable levels by time:
     D:5: 1091 daAuts
     D:6: 991 daAuts
     D:3: 817 daAuts
     D:2: 740 daAuts
     D:4: 653 daAuts
     D:1: 603 daAuts
     D:7: 459 daAuts
     D:8: 224 daAuts
  Temple: 46 daAuts
  Bailey: 34 daAuts
